 Dungeon Crawl Stone Soup version 0.29.1-13-g9f3cf754e1 (webtiles) character file.

Game seed: 11760425938560716019

18984 nshep25 the Eclecticist (level 12, -7/61 HPs)
             Began as a Deep Elf Conjurer on Feb 8, 2023.
             Was an Elder of Vehumet.
             Killed from afar by an ice statue (21 damage)
             ... with a freezing blast
             ... in an ice cave.
             The game lasted 01:08:33 (17530 turns).

nshep25 the Eclecticist (Deep Elf Conjurer)        Turns: 17530, Time: 01:08:34

Health: -7/61      AC: 10    Str:  6    XL:     12   Next: 32%
Magic:  32/35      EV: 14    Int: 27    God:    Vehumet [****..]
Gold:   842        SH:  0    Dex: 19    Spells: 15/45 levels left

rFire   . . .      SeeInvis .   a - staff of conjuration
rCold   . . .      Faith    .   t - orb {light}
rNeg    . . .      Spirit   .   D - +2 steam dragon scales
rPois   .          Reflect  .   (no helmet)
rElec   .          Harm     .   c - +0 cloak
rCorr   .          Rampage  .   w - +0 pair of gloves
Will    +....                   F - +0 pair of boots
Stlth   ++........              (no amulet)
HPRegen 0.20/turn               q - +6 ring of dexterity
MPRegen 0.24/turn               (no ring)

@: glowing
A: no striking features
a: Renounce Religion


You were in an ice cave.
You worshipped Vehumet.
Vehumet was greatly pleased with you.
You visited 2 branches of the dungeon, and saw 12 of its levels.
You also visited: Bailey and Ice Cave.

You collected 842 gold pieces.

Inventory:

Missiles
 u - a throwing net
Armour
 c - a +0 cloak (worn)
 t - an orb of light (worn)
 w - a +0 pair of gloves (worn)
 D - +2 steam dragon scales (worn)
 F - a +0 pair of boots (worn)
Magical Staves
 a - a staff of conjuration (weapon)
 b - a staff of air
 s - a staff of death
 I - a staff of fire
Jewellery
 k - an amulet of guardian spirit
 q - a +6 ring of dexterity (left hand)
 C - an amulet of faith
Wands
 y - a wand of iceblast (20)
 E - a wand of polymorph (17)
 H - a wand of mindburst (6)
Scrolls
 d - 4 scrolls of identify
 i - 2 scrolls of poison
 j - a scroll of magic mapping
 m - a scroll of enchant weapon
 n - 5 scrolls of teleportation
 p - a scroll of silence
 G - a scroll of summoning
Potions
 e - 2 potions of magic
 f - 8 potions of curing
 g - 2 potions of resistance
 h - 2 potions of brilliance
 l - a potion of heal wounds
 o - 4 potions of haste
 r - 4 potions of flight
 x - a potion of invisibility
 z - 2 potions of might
 A - 2 potions of ambrosia {unknown}
Miscellaneous
 v - a phantom mirror
 B - a box of beasts


   Skills:
 + Level 1.3 Fighting
 + Level 1.7 Staves
 + Level 4.7 Dodging
 + Level 5.6 Stealth
 + Level 17.1 Spellcasting
 + Level 12.3 Conjurations
 + Level 6.5 Hexes
 + Level 6.1 Translocations
 + Level 4.0 Air Magic
 + Level 1.0 Earth Magic
 - Level 5.0 Evocations


You had 15 spell levels left.
You knew the following spells:

 Your Spells              Type           Power      Damage    Failure   Level
a - Magic Dart            Conj           100%       1d8       0%          1
b - Searing Ray           Conj           100%       2d8       0%          2
c - Iskenderun's Mystic   Conj/Tloc      83%        2d16      1%          4
d - Fulminant Prism       Conj/Hex       42%        3d20      1%          4
e - Irradiate             Conj/Tmut      35%        3d23      1%          5
f - Flame Wave            Conj/Fire      71%        2d16      1%          4
g - Scorch                Fire           46%        2d7       1%          2
h - Stone Arrow           Conj/Erth      100%       3d13      1%          3
i - Freeze                Ice            92%        1d10      1%          1
q - Passage of Golubria   Tloc           54%        N/A       1%          4

Your spell library contained the following spells:

 Spells                   Type           Power      Damage    Failure   Level
 Hailstorm                Conj/Ice       71%        3d15      1%          4
 Apportation              Tloc           100%       N/A       1%          1
 Foxfire                  Conj/Fire      100%       2x1d9     1%          1
 Necrotise                Necr           92%        1d8       1%          1
 Summon Small Mammal      Summ           92%        N/A       1%          1
 Ensorcelled Hibernation  Hex/Ice        80%        N/A       1%          2
 Conjure Flame            Conj/Fire      71%        6-21      1%          3
 Dazzling Flash           Conj/Hex       100%       N/A       1%          3
 Inner Flame              Hex/Fire       40%        N/A       1%          3
 Portal Projectile        Hex/Tloc       100%       N/A       1%          3
 Tukima's Dance           Hex            55%        N/A       1%          3
 Sublimation of Blood     Necr           23%        N/A       3%          2
 Yara's Violent Unravell  Hex/Tmut       20%        3d9       4%          5
 Anguish                  Hex/Necr       20%        N/A       5%          4
 Spider Form              Tmut/Pois      23%        N/A       6%          3
 Lee's Rapid Deconstruct  Erth           14%        3d10*     11%         5
 Petrify                  Tmut/Erth      25%        N/A       17%         4
 Blade Hands              Tmut           11%        N/A       50%         5
 Enfeeble                 Hex            27%        N/A       77%         7


Dungeon Overview and Level Annotations

Branches:
Dungeon (11/15)            Temple (1/1) D:6            Lair (0/5) D:11
 Bailey (visited)           IceCv (1/1)
    Orc: D:9-12

Altars:
Ashenzari
Cheibriados
Dithmenos
Elyvilon
Fedhas
Gozag
Hepliaklqana
Kikubaaqudgha
Makhleb
Nemelex Xobeh
Okawaru
Qazlal
Ru
Sif Muna
Trog
Uskayaw
Vehumet
Wu Jian
Xom
Yredelemnul
Zin
The Shining One

Shops:
D:6 *

Annotations:
IceCv exclusion: ice statue


Message History

The yak is knocked back by the mystic blast.
The yak collides with the yak!
You kill the yak!
Vehumet accepts your kill.
You feel your power returning.
The yak is almost dead.
Casting: Iskenderun's Mystic Blast (safe; 1% risk of failure)
Confirm with . or Enter, or press ? or * to list all spells.
You feel a surge of power!
You erupt in a blast of force!
The mystic blast hits the yak!
You kill the yak!
Vehumet accepts your kill.
You feel your power returning.
You start resting.
Magic restored.
Found a scroll of poison.
An ice statue comes into view.
Found a phial of floods.
Marking area around an ice statue as unsafe for travelling.
Casting: Iskenderun's Mystic Blast (safe; 1% risk of failure)
Confirm with . or Enter, or press ? or * to list all spells.
Aiming: Fulminant Prism (safe; 1% risk of failure)
Press: ? - help, Dir - move target You feel a surge of power!
You conjure a prism of explosive energy!
A fulminant prism comes into view.
Your fulminant prism crackles loudly.
The ice statue gestures at you. The freezing blast engulfs you!!
Your fulminant prism explodes!
The blast of energy engulfs the ice statue!
The ice statue is moderately damaged.
You hear an angry growl.
You hear a howl!
You hear an angry growl.
You hear a howl!
You hear a shout!
You are engulfed in freezing vapours.
* * * LOW HITPOINT WARNING * * *
The ice statue gestures.
The ice statue gestures at you. The freezing blast engulfs you!!
You die...

##### ###...####
##○..#....###
#☼☼####.....##
#☼○#####.....###
##○○.######....##
#○@8☼Y# ##....##
#.#?.}## ###...##
#.######
#########..# ##
###....##...##
###...#....####
###....#######
##...#### ##
####...## ###.
##.....## ###..#


You could see an ice statue and an ice beast (summoned).

Vanquished Creatures
  A two-headed ogre (D:8)
  4 death yaks
  3 orc knights (Bailey)
  An ugly thing (D:11)
  Maurice (D:8)
  2 rime drakes (D:11)
  5 trolls
  6 polar bears (IceCv)
  Grinder (D:5)
  19 yaks
  A wraith (D:10)
  3 wyverns
  3 steam dragons
  4 vampire mosquitoes (D:11)
  Edmund (D:4)
  2 water moccasins
  A hornet zombie (D:5)
  13 orc warriors
  3 black bears
  An ice beast (D:7)
  4 ogres
  5 centaurs
  17 wolves (IceCv)
  3 phantoms
  5 bullfrogs
  2 kobold brigands (D:9)
  A wyvern zombie (D:5)
  3 scorpions
  A water moccasin zombie (D:5)
  4 necrophages
  6 wights
  3 killer bees (D:9)
  2 electric eels
  A howler monkey (D:9)
  2 hounds
  A centaur zombie (D:5)
  3 quasits (D:5)
  2 orc priests
  A gnoll bouda (D:9)
  A human zombie (D:5)
  4 jellies
  6 iguanas
  Ijyb (D:4)
  3 orc wizards (D:10)
  A scorpion zombie (D:5)
  A hound zombie (D:5)
  A mummy (D:5)
  6 gnolls
  7 adders
  A river rat (D:11)
  2 shadow imps (D:5)
  2 white imps
  An ufetubus (D:5)
  An adder zombie (D:5)
  5 worms
  A dart slug (D:2)
  25 orcs
  4 bats
  5 endoplasms
  2 giant cockroaches (D:2)
  11 goblins
  4 hobgoblins
  11 kobolds
  3 quokkas (D:1)
  6 ball pythons
  4 frilled lizards
  3 rats
263 creatures vanquished.

Vanquished Creatures (others)
  79 fulminant prisms
  3 fungi (D:10)
  A plant (D:6)
83 creatures vanquished.

Grand Total: 346 creatures vanquished

Notes
Turn   | Place    | Note
-------+----------+-------------------------------------------
     0 | D:1      | nshep25 the Deep Elf Conjurer began the quest for the Orb.
     0 | D:1      | Reached XP level 1. HP: 10/10 MP: 6/6
   315 | D:1      | Reached XP level 2. HP: 15/15 MP: 6/8
   597 | D:1      | Reached skill level 5 in Conjurations
   662 | D:1      | Learned a level 2 spell: Searing Ray
   693 | D:2      | You fall into a shaft and drop 2 floors!
   752 | D:4      | Found a broken altar of Ashenzari.
   755 | D:4      | Noticed an ogre
   906 | D:3      | Found a glowing golden altar of the Shining One.
   911 | D:3      | Found a shadowy altar of Dithmenos.
   916 | D:3      | Found a shimmering altar of Xom.
   998 | D:2      | Reached XP level 3. HP: 19/19 MP: 4/9
  1646 | D:2      | Found a faded altar of an unknown god.
  2211 | D:3      | Noticed a phantom
  2218 | D:3      | Killed a phantom
  2219 | D:3      | Reached skill level 4 in Spellcasting
  2219 | D:3      | Reached XP level 4. HP: 20/24 MP: 2/12
  2268 | D:3      | Learned a level 4 spell: Iskenderun's Mystic Blast
  2273 | D:3      | Learned a level 4 spell: Fulminant Prism
  2444 | D:3      | Reached XP level 5. HP: 28/28 MP: 8/13
  3025 | D:4      | Reached skill level 5 in Spellcasting
  3118 | D:4      | Noticed Ijyb
  3128 | D:4      | Killed Ijyb
  3428 | D:4      | Noticed Edmund
  3469 | D:4      | Killed Edmund
  3470 | D:4      | Reached skill level 6 in Spellcasting
  3470 | D:4      | Reached XP level 6. HP: 28/32 MP: 2/17
  3887 | D:5      | Entered Level 5 of the Dungeon
  3892 | D:5      | Reached skill level 7 in Spellcasting
  4142 | D:5      | Reached XP level 7. HP: 15/36 MP: 11/19
  4544 | D:5      | Reached skill level 8 in Spellcasting
  4544 | D:5      | Reached skill level 1 in Hexes
  4544 | D:5      | Reached skill level 1 in Evocations
  4729 | D:5      | Noticed Grinder
  4736 | D:5      | Killed Grinder
  4737 | D:5      | Reached XP level 8. HP: 38/42 MP: 13/22
  4840 | D:5      | Reached skill level 9 in Spellcasting
  5388 | D:5      | Reached skill level 10 in Spellcasting
  5562 | D:5      | Found a basalt altar of Yredelemnul.
  5682 | D:5      | Reached skill level 1 in Staves
  6653 | D:5      | Reached skill level 11 in Spellcasting
  6800 | D:6      | Found a staircase to the Ecumenical Temple.
  6809 | Temple   | Entered the Ecumenical Temple
  6947 | Temple   | Became a worshipper of Vehumet
  7093 | D:6      | Reached XP level 9. HP: 46/46 MP: 22/26
  7170 | D:6      | Reached skill level 1 in Fighting
  7219 | D:6      | Reached skill level 12 in Spellcasting
  7503 | D:6      | Found Qieloran's CLEARANCE SALE!.
  8025 | D:7      | Found a blossoming altar of Fedhas.
  8754 | D:7      | Reached skill level 5 in Stealth
  8773 | D:7      | Reached * piety under Vehumet
  8773 | D:7      | Offered knowledge of Freeze by Vehumet.
  9081 | D:7      | Reached skill level 13 in Spellcasting
 10154 | D:8      | Noticed Maurice
 10164 | D:8      | Killed Maurice
 10165 | D:8      | Reached skill level 5 in Evocations
 10165 | D:8      | Reached XP level 10. HP: 24/52 MP: 4/29
 10187 | D:8      | Reached skill level 1 in Air Magic
 10397 | D:8      | Found a flagged portal.
 10427 | Bailey   | Entered a bailey
 10580 | Bailey   | Reached skill level 1 in Translocations
 11673 | Bailey   | Noticed an orc knight
 11678 | Bailey   | Noticed an orc knight
 11692 | Bailey   | Killed an orc knight
 11919 | Bailey   | Killed an orc knight
 12194 | Bailey   | Noticed an orc knight
 12206 | Bailey   | Killed an orc knight
 12207 | Bailey   | Reached skill level 14 in Spellcasting
 12207 | Bailey   | Reached skill level 10 in Conjurations
 12331 | Bailey   | Learned a level 5 spell: Irradiate
 12333 | Bailey   | Learned a level 1 spell: Freeze
 12396 | D:8      | Noticed a two-headed ogre
 12413 | D:8      | Killed a two-headed ogre
 12414 | D:8      | Reached skill level 5 in Hexes
 12916 | D:9      | Offered knowledge of Scorch by Vehumet.
 12920 | D:9      | Reached ** piety under Vehumet
 12921 | D:9      | Reached XP level 11. HP: 42/56 MP: 1/31
 13272 | D:9      | Learned a level 2 spell: Scorch
 13771 | D:9      | Found an opulent altar of Gozag.
 13805 | D:9      | Found a glowing silver altar of Zin.
 14438 | D:10     | Entered Level 10 of the Dungeon
 14562 | D:10     | Learned a level 4 spell: Passage of Golubria
 14882 | D:10     | Found a shimmering blue altar of Sif Muna.
 14893 | D:10     | Offered knowledge of Stone Arrow by Vehumet.
 14894 | D:10     | Reached skill level 15 in Spellcasting
 15457 | D:10     | Found a bloodstained altar of Trog.
 15460 | D:10     | Found a burning altar of Makhleb.
 15670 | D:10     | Found a sparkling altar of Nemelex Xobeh.
 15771 | D:11     | Learned a level 3 spell: Stone Arrow
 15802 | D:11     | Noticed a death yak
 15802 | D:11     | Noticed a red ugly thing
 15821 | D:11     | Killed a red ugly thing
 15821 | D:11     | Reached *** piety under Vehumet
 15821 | D:11     | Killed a death yak
 15830 | D:11     | Noticed a death yak
 15857 | D:11     | Found a staircase to the Lair.
 15886 | D:11     | Found a frozen archway.
 15903 | IceCv    | Entered an ice cave
 16027 | IceCv    | Learned a level 4 spell: Flame Wave
 16045 | IceCv    | Reached skill level 16 in Spellcasting
 16636 | IceCv    | Offered knowledge of Hailstorm by Vehumet.
 16782 | IceCv    | Reached skill level 5 in Translocations
 16782 | IceCv    | Reached skill level 1 in Earth Magic
 17078 | IceCv    | Reached XP level 12. HP: 61/61 MP: 25/34
 17310 | IceCv    | Noticed a death yak
 17312 | IceCv    | Noticed a death yak
 17312 | IceCv    | Noticed a death yak
 17321 | IceCv    | Killed a death yak
 17321 | IceCv    | Killed a death yak
 17323 | IceCv    | Killed a death yak
 17324 | IceCv    | Reached skill level 17 in Spellcasting
 17401 | IceCv    | Reached **** piety under Vehumet
 17530 | IceCv    | Killed from afar by an ice statue

Illustrated notes

Levels and vault maps discovered:
D:1:      saegor_arrival_simple_a, layout_rooms, minmay_pentomino_u4
D:2:      layout_rooms, ebering_ecumenical_altar_box, serial_glass,
          glass_columns_b, glass_columns_a, serial_park_tiny_2, minmay_cupped
D:3:      layout_loops_corners, minmay_overflow_temple_star_quad
D:4:      layout_basic, mainiacjoe_overflow_cross_hatched, uniq_edmund,
          uniq_ijyb
D:5:      cheibrodos_quashed, layout_loops_ring,
          lemuel_mausoleum_altar_yredelemnul, uniq_grinder
D:6:      layout_basic, minmay_temple_entry_gardened_gates, dk_noncrumbling_2,
          nicolae_shop_clearance
D:7:      layout_layer_cave, pf_just_have_faith, kennysheep_minor_cross
D:8:      layout_loops_cross, enter_bailey_3, uniq_maurice
D:9:      layout_rooms, pdpol_temple_overflow_zin_treasury_gozag_greed
D:10:     layout_small_grid, mainiacjoe_overflow_big_doors,
          mainiacjoe_overflow_swirl, fountainhead
D:11:     layout_irregular_city, dpeg_lair_monsters, orc_0_dummy,
          portal_ice_cave_rime, serial_shops, shop
Temple:   hellmonk_temple_beads
IceCv:    ice_cave_caverns_01

Skill      XL: |  1  2  3  4  5  6  7  8  9 10 11 12 |
---------------+-------------------------------------+-----
Conjurations   | 5 6 7 8 10 11 12 | 12.3
Spellcasting   | 4 6 7 8 11 13 14 16 17 | 17.1
Stealth        | 3 4 5 |  5.6
Hexes          | 1 3 5 6 |  6.5
Evocations     | 2 3 5 |  5.0
Dodging        | 3 4 |  4.7
Staves         | 1 |  1.7
Fighting       | 1 |  1.3
Air Magic      | 3 4 |  4.0
Translocations | 2 5 6 |  6.1
Earth Magic    | 1 |  1.0

Action                   |  1- 3 |  4- 6 |  7- 9 | 10-12 || total
-------------------------+-------+-------+-------+-------++-------
Melee: Staff             |       |     2 |     5 |    14 ||    21
 Cast: Magic Dart        |    70 |    17 |    89 |    90 ||   266
       Searing Ray       |     7 |    13 |    54 |    22 ||    96
       Fulminant Prism   |       |     3 |    14 |    62 ||    79
       Iskenderun's Myst |       |       |    15 |   116 ||   131
       Irradiate         |       |       |       |     2 ||     2
       Stone Arrow       |       |       |       |     7 ||     7
       Passage of Golubr |       |       |       |     5 ||     5
Evoke: Wand              |       |       |     3 |     6 ||     9
  Use: Scroll            |       |       |    15 |     5 ||    20
       Potion            |       |       |     1 |     1 ||     2
Armor: Robe              |     2 |     4 |    17 |       ||    23
       Steam dragon scal |       |       |       |    23 ||    23
Dodge: Dodged            |     4 |    12 |    52 |    85 ||   153
